 Dungeon Sprint DCSS version 0.25-a0-890-g62861fb (webtiles) character file.

Game seed: 934894238955562674, levelgen mode: deterministic

465 vertexvortex the Grappler (level 6, -1/67 HPs)
             Began as a Troll Monk on May 6, 2020.
             Was a Priest of Ru.
             Slain by a deep elf mage
             ... wielding a +2 short sword of venom
              (5 damage)
             ... in the Dungeon (Sprint VII: "The Pits").
             The game lasted 00:08:01 (400 turns).

vertexvortex the Grappler (Troll Monk)               Turns: 400, Time: 00:08:02

Health: -1/67      AC:  6    Str: 21    XL:     6   Next: 80%
Magic:  5/5        EV: 14    Int:  6    God:    Ru [***...]
Gold:   0          SH:  0    Dex: 13    Spells: 5/5 levels left

rFire    . . .     SeeInvis .     - Unarmed
rCold    . . .     Gourm    +   (no shield)
rNeg     . . .     Faith    .   a - +0 robe
rPois    .         Spirit   .   (helmet restricted)
rElec    .         Reflect  .   (no cloak)
rCorr    .         Harm     .   (gloves unavailable)
MR       .....     NoTele   +   (boots unavailable)
Stlth    +.........             (no amulet)
HPRegen  0.61/turn              (no ring)
MPRegen  0.09/turn              (no ring)

@: lethally poisoned (-1 -> -83), exhausted, lightly drained
A: large, unfitting armour, claws 3, fast metabolism 3, gourmand, regeneration
1, shaggy fur 1, tough skin 3, hated by all, inability to train armour
a: Draw Out Power, Renounce Religion


You were in the Dungeon.
You worshipped Ru.
Ru was most pleased with you.
You were completely stuffed.

You visited 1 branch

Inventory:

Missiles
 l - 3 boomerangs (quivered)
Armour
 a - a +0 robe (worn)
Scrolls
 h - a scroll of blinking
 j - 3 scrolls of remove curse
 k - 5 scrolls of amnesia
Potions
 c - 6 potions of curing
 d - 6 potions of heal wounds
 e - a potion of haste
 f - 4 potions of magic
 g - 3 potions of berserk rage
 i - 2 potions of invisibility
Comestibles
 b - 10 rations


   Skills:
 + Level 5.9(5.5) Fighting
 * Level 8.6(8.2) Dodging
 - Level 1.0(0.7) Stealth
 + Level 9.4(9.0) Unarmed Combat


You had 5 spell levels left.
You didn't know any spells.
Your spell library was empty.

Dungeon Overview and Level Annotations

Branches:
Dungeon (1/1)

Altars:
Ashenzari
Cheibriados
Dithmenos
Elyvilon
Fedhas
Gozag
Hepliaklqana
Kikubaaqudgha
Makhleb
Nemelex Xobeh
Okawaru
Qazlal
Ru
Sif Muna
Trog
Uskayaw
Vehumet
Wu Jian
Xom
Yredelemnul
Zin
The Shining One
Beogh
Jiyva
Lugonu


Innate Abilities, Weirdness & Mutations

You are too large for most types of armour.
You have claws for hands.
Your metabolism is lightning-fast.
You like to eat raw meat.
Your natural rate of healing is unusually fast.
You are covered in fur. (AC +1)
You have extremely tough skin. (AC +3)
You are hated by all.
You cannot train Armour skill.


Message History

You are restored by drawing out deep reserves of power within.
You feel drained.
You feel sick. The redback barely misses you.
The jumping spider pounces on you.
The jumping spider bites you but does no damage.
The deep elf mage gestures wildly while chanting.
The redback bites you!
* * * LOW HITPOINT WARNING * * *
You are lethally poisoned!
The redback poisons you! The jumping spider pounces on you!
* * * LOW HITPOINT WARNING * * *
You are caught in a web!
The jumping spider barely misses you.
You're too exhausted to draw out your power.
* * * LOW HITPOINT WARNING * * *
You feel very sick. The redback bites you.
* * * LOW HITPOINT WARNING * * *
You are more poisoned.
The redback poisons you!
The deep elf mage hits you with a +2 short sword of venom.
You die...

#)#........##.......#
#)###########.......#
#.......# #########
#..#.#..# #.##.##.#
#.......#+#
#.##.##.#s+
#..#.#..#e#
#......s@s#
###########


You could see a deep elf mage, 2 jumping spiders and a redback.

Vanquished Creatures
  A floating eye (D)
  A bullfrog (D)
  A scorpion (D)
  3 orc priests (D)
  An orc wizard (D)
  An iron imp (D)
  A river rat (D)
  An ooze (D)
  An adder zombie (D)
  5 orcs (D)
  A bat zombie (D)
  A giant cockroach (D)
  3 jackals (D)
  A kobold (D)
  A quokka (D)
23 creatures vanquished.

Vanquished Creatures (others)
  A warg (D)
1 creature vanquished.

Grand Total: 24 creatures vanquished

Notes
Turn   | Place    | Note
-------+----------+-------------------------------------------
     0 | D        | vertexvortex the Troll Monk began the quest for the Orb.
     0 | D        | Reached XP level 1. HP: 22/22 MP: 0/0
    22 | D        | Found a glowing golden altar of the Shining One.
    22 | D        | Found a glowing silver altar of Zin.
    22 | D        | Found a basalt altar of Yredelemnul.
    22 | D        | Found a shimmering altar of Xom.
    22 | D        | Found an ornate altar of the Wu Jian Council.
    22 | D        | Found a bloodstained altar of Trog.
    22 | D        | Found a shimmering blue altar of Sif Muna.
    22 | D        | Found a sacrificial altar of Ru.
    22 | D        | Found a stormy altar of Qazlal.
    22 | D        | Found an iron altar of Okawaru.
    22 | D        | Found a sparkling altar of Nemelex Xobeh.
    22 | D        | Found a burning altar of Makhleb.
    22 | D        | Found a viscous altar of Jiyva.
    22 | D        | Found a hazy altar of Hepliaklqana.
    22 | D        | Found an opulent altar of Gozag.
    22 | D        | Found a blossoming altar of Fedhas.
    22 | D        | Found a white marble altar of Elyvilon.
    22 | D        | Found a shadowy altar of Dithmenos.
    22 | D        | Found a snail-covered altar of Cheibriados.
    23 | D        | Found a radiant altar of Vehumet.
    23 | D        | Found a corrupted altar of Lugonu.
    23 | D        | Found a roughly hewn altar of Beogh.
    24 | D        | Found a hide-covered altar of Uskayaw.
    24 | D        | Found an ancient bone altar of Kikubaaqudgha.
    24 | D        | Found a shattered altar of Ashenzari.
    34 | D        | Became a worshipper of Ru the Awakened
    36 | D        | Gained mutation: You are hated by all. [Ru sacrifice]
    36 | D        | Reached * piety under Ru
    87 | D        | Noticed a floating eye
    89 | D        | Killed a floating eye
    89 | D        | Reached skill level 5 in Dodging
    89 | D        | Reached skill level 5 in Unarmed Combat
    89 | D        | Reached XP level 2. HP: 33/33 MP: 1/1
    89 | D        | Reached XP level 3. HP: 40/40 MP: 2/2
    89 | D        | Reached XP level 4. HP: 49/49 MP: 3/3
   258 | D        | Noticed a bullfrog
   264 | D        | Reached skill level 6 in Unarmed Combat
   264 | D        | Reached XP level 5. HP: 52/55 MP: 4/4
   266 | D        | Reached skill level 5 in Fighting
   269 | D        | Gained mutation: You cannot train Armour skill. [Ru
                  | sacrifice]
   269 | D        | Reached ** piety under Ru
   269 | D        | Reached *** piety under Ru
   272 | D        | Reached skill level 7 in Unarmed Combat
   278 | D        | Reached XP level 6. HP: 37/66 MP: 5/5
   283 | D        | Reached skill level 8 in Unarmed Combat
   380 | D        | Noticed a warg
   383 | D        | Killed a warg
   383 | D        | Reached skill level 9 in Unarmed Combat
   387 | D        | Noticed a deep elf mage
   396 | D        | Noticed a jumping spider
   396 | D        | Noticed a redback
   397 | D        | Noticed a jumping spider
   400 | D        | Slain by a deep elf mage

Levels and vault maps discovered:
D:        pitsprint [storerooms_1, entrance_room_1, metal_vault_1, armoury_1,
          mini_pit_1, grid_room_1, main_hall_1, silver_pit, the_coven_1,
          the_vestibule_1, steel_vault_3, golden_pit, hallway_of_sentries,
          crystal_vault_6, iron_vault_2, final_vault]

Skill      XL: |  1  2  3  4  5  6 |
---------------+-------------------+-----
Dodging        | 5 6 7 8 |  8.6
Fighting       | 4 5 |  5.9
Unarmed Combat | 5 6 7 9 |  9.4
Stealth        | |  1.0

Action                   |  1- 3 |  4- 6 || total
-------------------------+-------+-------++-------
Melee: Unarmed           |    14 |    69 ||    83
       Punch             |       |     3 ||     3
Invok: Sacrifice Love    |     1 |       ||     1
       Sacrifice Durabil |       |     1 ||     1
       Draw Out Power    |       |     1 ||     1
 Stab: Sleeping          |     2 |       ||     2
  Eat: Chunk             |       |     9 ||     9
Armor: Robe              |     3 |     9 ||    12
Dodge: Dodged            |     6 |    37 ||    43

Table legend:
 A = Non-vault XP
 B = Vault XP
 C = Vault XP percentage of total XP
 D = Non-vault monster count
 E = Vault monster count
 F = Vault count percentage of total count
                 A         B        C        D         E       F
            +---------+---------+-------+---------+---------+-------
      Total |       0 |     665 | 100.0 |       0 |      24 | 100.0
            +---------+---------+-------+---------+---------+-------
          D |       0 |     665 | 100.0 |       0 |      24 | 100.0
            +---------+---------+-------+---------+---------+-------
